 Dungeon Crawl Stone Soup version 0.19-a0-1007-g133f65f (webtiles) character file.

15593 FrancescoMac the Fighter (level 12, -1/99 HPs)
             Began as a Demonspawn Gladiator on July 21, 2016.
             Was an Elder of Uskayaw.
             Killed by the air
             ... invoked by Gastronok
              (40 damage)
             ... on level 1 of the Lair of Beasts.
             The game lasted 00:44:49 (8455 turns).

FrancescoMac the Fighter (Demonspawn Gladiator)     Turns: 8455, Time: 00:44:50

Health: -1/99      AC: 11    Str: 17      XL:     12   Next: 2%
Magic:  19/20      EV: 19    Int:  9      God:    Uskayaw [****..]
Gold:   677        SH:  0    Dex: 15 (16) Spells: 1 memorised, 20 levels left

rFire  + + .     SeeInvis +     n - +1 scimitar (flame)
rCold  . . .     Gourm    .     G - +1 leather armour {rPois}
rNeg   . . .     Faith    .     (no shield)
rPois  +         Spirit   .     (helmet restricted)
rElec  .         Dismiss  .     K - +0 cloak {+Inv}
rCorr  .         Reflect  .     (no gloves)
SustAt .         Harm     .     (no boots)
MR     +....     Clarity  +     (no amulet)
Stlth  +.........               o - ring of protection from magic
                                e - ring of see invisible

@: somewhat resistant to hostile enchantments, very unstealthy
A: horns 1, talons 1, iridescent scales 2, blurry vision 1, clarity, clumsy 1,
deterioration 1, fire resistance 2, powered by death 1, spiny 3
a: Stomp, Line Pass, Renounce Religion, Evoke Invisibility


You were on level 1 of the Lair of Beasts.
You worshipped Uskayaw.
Uskayaw was noncommittal.
You were not hungry.

You visited 3 branches of the dungeon, and saw 11 of its levels.
You also visited: Ossuary.

You collected 973 gold pieces.
You spent 296 gold pieces at shops.

Inventory:

Hand Weapons
 a - a +1 long sword
 n - a +1 scimitar of flaming (weapon)
Missiles
 d - 3 throwing nets (quivered)
Armour
 b - a +2 leather armour
 c - a +0 helmet
 s - a +1 helmet
 G - a +1 leather armour of poison resistance (worn)
 K - a +0 cloak of invisibility (worn)
Jewellery
 e - a ring of see invisible (left hand)
 o - a ring of protection from magic (right hand)
 E - an uncursed amulet of the gourmand
Wands
 h - a wand of polymorph (7/24)
 t - a wand of lightning (8/15)
 A - a wand of random effects (22/48)
 N - a wand of digging (15/24)
 O - a wand of polymorph (15/24)
Scrolls
 g - 3 scrolls of recharging
 l - 3 scrolls of remove curse
 w - 4 scrolls of identify
 x - 3 scrolls of enchant armour
 y - 4 scrolls of magic mapping
 C - 2 scrolls of teleportation {unknown}
 D - 2 scrolls of blinking
 L - 2 scrolls of fear
 P - a scroll of fog
Potions
 i - 3 potions of degeneration
 k - a potion of magic
 r - a potion of resistance
 u - 6 potions of heal wounds
 v - 3 potions of curing
 z - 2 potions of flight
 F - 2 potions of invisibility
 H - a potion of brilliance
Books
 p - a book of Dreams

   Spells                             Type                      Level
   a - Ensorcelled Hibernation        Hexes/Ice                    2
   b - Silence                        Hexes/Air                    5
   c - Darkness                       Hexes                        6
   d - Shadow Creatures               Summoning                    6
 q - a book of Misfortune

   Spells                             Type                      Level
   a - Confusing Touch                Hexes                        1
   b - Confuse                        Hexes                        3
   c - Gell's Gravitas                Hexes/Translocation          3
   d - Petrify                        Transmutation/Earth          4
   e - Metabolic Englaciation         Hexes/Ice                    5
   f - Yara's Violent Unravelling     Hexes/Transmutation          5
 J - a book of Clouds

   Spells                             Type                      Level
   a - Mephitic Cloud                 Conjuration/Poison/Air       3
   b - Conjure Flame                  Conjuration/Fire             3
   c - Poisonous Cloud                Conjuration/Poison/Air       6
   d - Freezing Cloud                 Conjuration/Ice/Air          6
   e - Ring of Flames                 Charms/Fire                  7
Comestibles
 f - 6 bread rations
 j - 4 meat rations
 m - 23 fruits
 B - a beef jerky
 I - 8 chunks of flesh


   Skills:
 + Level 10.6 Fighting
 + Level 9.8 Long Blades
 - Level 1.7 Throwing
 + Level 10.5 Dodging
 + Level 5.4 Spellcasting
 - Level 0.6 Hexes


You had 20 spell levels left.
You knew the following spells:

 Your Spells              Type           Power        Failure   Level  Hunger
a - Confusing Touch       Hex            #.....       28%         1    #......


Dungeon Overview and Level Annotations

Branches:
Dungeon (9/15)             Temple (1/1) D:4            Lair (1/6) D:9
    Orc: D:9-12

Altars:
Ashenzari
Cheibriados
Dithmenos
Fedhas
Gozag
Hepliaklqana
Kikubaaqudgha
Makhleb
Nemelex Xobeh
Okawaru
Pakellas
Qazlal
Sif Muna
Trog
Uskayaw
Vehumet
Xom
Yredelemnul
Zin
The Shining One

Shops:
D:4 *   D:5 !   D:7 !

Annotations:
Lair:1 Gastronok


Innate Abilities, Weirdness & Mutations

You are mostly covered in iridescent scales. (AC +6)
Your flesh is very heat resistant. (rF++)
You regenerate a little health from kills.
You are completely covered in sharp spines.
You have a pair of small horns on your head.
You have sharp toenails.
Scrolls take you a little longer to read.
You possess an exceptional clarity of mind.
You are clumsy. (Dex -2)
Your body sometimes deteriorates upon taking damage.


Message History

You feel sluggish.
You hit Gastronok but do no damage.
Gastronok is severely wounded.
You hit Gastronok but do no damage. Your kick misses Gastronok.
Gastronok is severely wounded.
Gastronok gurgles, "I bet you'll be tasty."
Gastronok bites you but does no damage.
You hit Gastronok but do no damage. You headbutt Gastronok!
Gastronok is severely wounded.
You slash Gastronok! You burn Gastronok.
Gastronok is almost dead.
Gastronok is struck by your spines. Gastronok closely misses you.
You slash Gastronok! You burn Gastronok.
Gastronok is almost dead.
You hit Gastronok but do no damage. You claw Gastronok, but do no damage.
You headbutt Gastronok.
Gastronok is almost dead.
Gastronok waves his eye-stalks in wide circles.
The air twists around and strikes you!
You die...

.P........P....♣..# .
...%.^.....P......#..#
....%.8..............#
.%................#..#
......P........♣.....#
...........".P♣♣..#..P
...............#..#..#
.........%....# .# #
.......@†.....# .#
...P.%w...♣...#
♣♣......♣♣?.....
...♣...♣. .......
.>..... . .......
....... .........
..###.# ## #... .. ##


You could see Gastronok.

Vanquished Creatures
  Erica (D:8)
  Pikel (D:6)
  A manticore (D:9)
  A cyclops (D:9)
  2 black mambas (Lair:1)
  Joseph (D:7)
  The ghost of Xiguana the Slasher, a novice HESk (D:5)
  A meliai (D:9)
  A two-headed ogre (D:9)
  2 wyverns
  2 wraiths
  3 water moccasins
  Duvessa (D:6)
  2 ice beasts (D:9)
  4 sky beasts
  3 slaves (D:6)
  A necrophage (D:9)
  2 black bears
  8 ogres
  2 orc warriors (D:9)
  An eye of draining (D:9)
  3 wolves (Lair:1)
  2 centaurs (D:8)
  2 big kobolds (D:8)
  3 giant frogs
  9 scorpions
  Dowan (D:6)
  A wight (D:7)
  A giant frog zombie (D:7)
  A wasp zombie (D:8)
  3 crimson imps
  4 hounds
  4 jellies
  An orc priest (D:9)
  2 orc wizards
  3 giant frog skeletons
  6 iguanas
  7 worker ants
  2 hound skeletons
  8 mummies (Ossuary)
  Robin (D:2)
  A worker ant zombie (D:9)
  12 adders
  4 gnolls (D:3)
  8 river rats (Lair:1)
  A shadow imp (D:5)
  An ooze (D:3)
  3 adder zombies
  2 adder skeletons
  5 worms
  2 dart slugs (D:1)
  4 giant geckos
  19 orcs
  4 ball pythons
  4 giant cockroaches
  2 gnoll zombies (Ossuary)
  13 goblins
  15 hobgoblins
  14 jackals
  13 kobolds
  4 quokkas
  8 bats
  A giant gecko skeleton (D:6)
  2 giant gecko zombies
  8 giant newts
  A hobgoblin zombie (Ossuary)
  A jackal skeleton (D:5)
  A jackal zombie (D:7)
  A kobold zombie (Ossuary)
  4 orc zombies (Ossuary)
  8 rats
271 creatures vanquished.

Vanquished Creatures (others)
  An adder (D:7)
  A giant gecko (D:6)
  3 orcs
  A quokka (D:9)
  3 fungi (D:5)
9 creatures vanquished.

Grand Total: 280 creatures vanquished

Notes
Turn   | Place    | Note
-------+----------+-------------------------------------------
     0 | D:1      | FrancescoMac the Demonspawn Gladiator began the quest for the Orb.
     0 | D:1      | Reached XP level 1. HP: 16/16 MP: 1/1
    78 | D:1      | Gained mutation: You regenerate a little health from kills. [demonic ancestry]
    78 | D:1      | Reached XP level 2. HP: 20/22 MP: 2/2
   440 | D:1      | Gained mutation: You are partially covered in sharp spines. [demonic ancestry]
   440 | D:1      | Reached XP level 3. HP: 28/28 MP: 3/3
   590 | D:2      | Noticed Robin
   605 | D:2      | Killed Robin
   622 | D:2      | Found a stormy altar of Qazlal.
   777 | D:2      | Gained mutation: You are mostly covered in sharp spines. [demonic ancestry]
   777 | D:2      | Reached XP level 4. HP: 23/34 MP: 4/4
  1176 | D:2      | Found an oddly glowing altar of Pakellas.
  1295 | D:2      | Found a burning altar of Makhleb.
  1295 | D:2      | Gained mutation: You are partially covered in iridescent scales. (AC +4) [demonic ancestry]
  1295 | D:2      | Reached XP level 5. HP: 41/41 MP: 5/5
  1606 | D:3      | Found a glowing golden altar of the Shining One.
  1851 | D:3      | Noticed a moth of wrath
  1853 | D:3      | Found a bloodstained altar of Trog.
  2122 | D:4      | Gained mutation: You are mostly covered in iridescent scales. (AC +6) [demonic ancestry]
  2122 | D:4      | Reached XP level 6. HP: 48/48 MP: 6/6
  2312 | D:4      | Found an oddly glowing altar of Pakellas.
  2351 | D:4      | Found a staircase to the Ecumenical Temple.
  2357 | Temple   | Entered the Ecumenical Temple
  2699 | D:4      | Found Neluper's Assorted Antiques.
  2708 | D:4      | Bought a metallic ruby potion for 18 gold pieces
  2708 | D:4      | Bought a glowing dark potion for 18 gold pieces
  2849 | D:5      | Entered Level 5 of the Dungeon
  2852 | D:5      | Found an iron altar of Okawaru.
  3049 | D:5      | Found Liunam's Distillery.
  3096 | D:5      | Gained mutation: You are completely covered in sharp spines. [demonic ancestry]
  3096 | D:5      | Reached XP level 7. HP: 55/55 MP: 7/7
  3286 | D:5      | Noticed Xiguana's ghost (novice HESk)
  3301 | D:5      | Killed Xiguana's ghost
  3301 | D:5      | Reached skill level 5 in Fighting
  3301 | D:5      | Reached skill level 5 in Long Blades
  3301 | D:5      | Reached skill level 5 in Dodging
  3437 | D:5      | Found a deep blue altar of Sif Muna.
  3688 | D:5      | Found a shadowy altar of Dithmenos.
  3752 | D:5      | Reached XP level 8. HP: 55/64 MP: 8/8
  3952 | D:5      | Gained mutation: You have a pair of small horns on your head. [potion of mutation]
  3952 | D:5      | Gained mutation: You have a pair of horns on your head. [potion of mutation]
  3952 | D:5      | Gained mutation: Scrolls take you a little longer to read. [potion of mutation]
  3957 | D:6      | Noticed Pikel
  3970 | D:6      | Killed Pikel
  4450 | D:6      | Found a blossoming altar of Fedhas.
  4566 | D:6      | Found a hide-covered altar of Uskayaw.
  4575 | D:6      | Became a worshipper of Uskayaw the Reveler
  4666 | D:6      | Reached * piety under Uskayaw
  4691 | D:6      | Noticed Duvessa
  4692 | D:6      | Noticed Dowan
  4698 | D:6      | Reached ** piety under Uskayaw
  4700 | D:6      | Killed Duvessa
  4700 | D:6      | Reached XP level 9. HP: 57/72 MP: 9/9
  4708 | D:6      | Killed Dowan
  4996 | D:6      | Lost mutation: Scrolls take you a little longer to read. [potion of cure mutation]
  4996 | D:6      | Lost mutation: You have a pair of horns on your head. [potion of cure mutation]
  4996 | D:6      | Lost mutation: You have a pair of small horns on your head. [potion of cure mutation]
  5073 | D:7      | Found a shimmering altar of Xom.
  5153 | D:7      | Reached *** piety under Uskayaw
  5160 | D:7      | Reached **** piety under Uskayaw
  5199 | D:7      | Noticed Joseph
  5689 | D:7      | Found Voipruqyg's Distillery.
  5705 | D:7      | Bought a potion of heal wounds for 65 gold pieces
  5705 | D:7      | Bought a potion of heal wounds for 65 gold pieces
  5705 | D:7      | Bought 2 potions of heal wounds for 130 gold pieces
  5863 | D:7      | Killed Joseph
  5887 | D:7      | Gained mutation: Your flesh is heat resistant. (rF+) [potion of mutation]
  5887 | D:7      | Gained mutation: You have sharp toenails. [potion of mutation]
  6027 | D:8      | Noticed Erica
  6042 | D:8      | Killed Erica
  6042 | D:8      | Gained mutation: Your flesh is very heat resistant. (rF++) [demonic ancestry]
  6042 | D:8      | Reached XP level 10. HP: 55/82 MP: 10/10
  6054 | D:8      | Learned a level 1 spell: Confusing Touch
  6209 | D:8      | Found a shattered altar of Ashenzari.
  6264 | D:8      | Found a sand-covered staircase.
  6274 | Ossuary  | Entered an ossuary
  6287 | Ossuary  | Reached skill level 1 in Spellcasting
  6312 | Ossuary  | Reached ***** piety under Uskayaw
  6816 | D:9      | Gained mutation: Your mind is acute. (Int +2) [mutagenic meat]
  6819 | D:9      | Gained mutation: Your muscles are strong. (Str +2) [mutagenic meat]
  6822 | D:9      | Gained mutation: Scrolls take you a little longer to read. [mutagenic meat]
  6825 | D:9      | Lost mutation: Your muscles are strong. (Str +2) [mutagenic meat]
  6828 | D:9      | Gained mutation: You possess an exceptional clarity of mind. [mutagenic meat]
  6890 | D:9      | Noticed a cyclops
  6894 | D:9      | Killed a cyclops
  7177 | D:9      | Found a staircase to the Lair.
  7314 | D:9      | Gained mutation: Your body sometimes deteriorates upon taking damage. [mutagenic meat]
  7317 | D:9      | Lost mutation: Your mind is acute. (Int +2) [mutagenic meat]
  7320 | D:9      | Gained mutation: You are clumsy. (Dex -2) [mutagenic meat]
  7323 | D:9      | Gained mutation: You have a pair of small horns on your head. [mutagenic meat]
  7323 | D:9      | Reached skill level 10 in Fighting
  7323 | D:9      | Reached skill level 10 in Dodging
  7323 | D:9      | Reached XP level 11. HP: 92/92 MP: 14/18
  7667 | D:9      | Reached skill level 5 in Spellcasting
  7970 | D:9      | Found a glowing silver altar of Zin.
  8314 | Lair:1   | Entered Level 1 of the Lair of Beasts
  8429 | Lair:1   | Noticed Gastronok
  8445 | Lair:1   | Reached XP level 12. HP: 68/99 MP: 18/20
  8455 | Lair:1   | Killed from afar by Gastronok

Vault maps used:
D:1:      elethiomel_arrival_quiet
D:2:      lemuel_coloured_pillars_altar, nicolae_overflow_hidden_temple,
          first_bread, makhleb_heckhound_becter, uniq_robin
D:3:      tgw_trog, tso_metal_star
D:4:      serial_shops, shop, grunt_pakellas_sulfur
D:5:      old_forge, okawaru_trees_1, led_sif_book, serial_shops, shop_statue,
          grunt_dithmenos_smoke
D:6:      lemuel_round_altar, fedhas_altar_fruit_tree, uniq_pikel, uniq_duvessa
D:7:      xom_confusion_cloud, serial_shops, shop, grunt_decor_one_mirror,
          uniq_joseph
D:8:      lemuel_doored_altar, chequers_ossuary_entry_cave, uniq_erica
D:9:      hangedman_cross_cluster, lemuel_crystal_altar
Temple:   jpeg_temple_island
Lair:1:   portal_ice_cave_demonic_guard, grunt_forest_large_clearings,
          uniq_gastronok, uniq_grum
Ossuary:  ossuary_tomb_3

Skill      XL: |  1  2  3  4  5  6  7  8  9 10 11 |
---------------+----------------------------------+-----
Dodging        | 3 4 5 6 8 10 | 10.5
Long Blades    | 3 4 5 6 8 9 |  9.8
Fighting       | 3 4 5 7 8 10 | 10.6
Spellcasting   | 4 5 |  5.4
Throwing       | |  1.7
Hexes          | |  0.6

Action                   |  1- 3 |  4- 6 |  7- 9 | 10-12 || total
-------------------------+-------+-------+-------+-------++-------
Melee: Long sword        |   120 |   172 |   271 |       ||   563
       Headbutt          |       |       |    10 |    21 ||    31
       Kick              |       |       |    10 |    92 ||   102
       Scimitar          |       |       |       |   252 ||   252
 Cast: Confusing Touch   |       |       |       |     3 ||     3
  Use: Potion            |     2 |     7 |     6 |     1 ||    16
       Scroll            |     2 |     4 |    10 |     1 ||    17
 Stab: Invisible         |       |     1 |       |       ||     1
       Sleeping          |       |     1 |     1 |     1 ||     3
       Paralysed         |       |       |     2 |    12 ||    14
  Eat: Chunk             |       |     6 |     7 |    16 ||    29
       Pizza             |       |     1 |       |       ||     1
       Fruit             |       |       |     2 |       ||     2
       Meat ration       |       |       |     1 |       ||     1
Armor: Leather armour    |    19 |    21 |    47 |    44 ||   131
Dodge: Dodged            |    76 |    86 |   144 |   127 ||   433
